AoeStats
← Shaggy

Arabia

510879293Analyzed
2v2 RM · 23h ago on Oct 2, 2026· 52m 45s· 4 players
Game mode
Random Map
Map size
Medium (4 player)
Population
200
Speed
Normal
Resources
Standard
Victory
Conquest
Starting age
Dark Age
Ending age
Imperial Age
RankedLock teamsTeams togetherTeam positionsShared explorationLock speedFull tech treeHidden civsTurbo modeCheats
Victory
Defeat
🇮🇳 Berbers · India
1098
+12
🇮🇳 Khmer · India
956
+36
🇺🇸 Bohemians · United States
997
-15
🇨🇱 Britons · Chile
988
-14
Shaggy
7:12 Loom
13:34 Feudal Age
13:38 Man-at-Arms
21:29 Double-Bit Axe
23:30 Wheelbarrow
26:37 Castle Age
26:41 Crossbowman
27:28 Pikeman
28:21 Fletching
32:46 Scale Mail Armor
36:01 Chain Mail Armor
39:02 Elite Skirmisher
40:14 Yeomen
40:45 Bow Saw
45:24 Bodkin Arrow
zeOrangutan
0:39 Loom
11:08 Feudal Age
16:11 Castle Age
17:48 Double-Bit Axe
36:06 Redemption
43:28 Fletching
BoomPichak
6:37 Loom
9:01 Feudal Age
10:43 Double-Bit Axe
21:57 Castle Age
20:45 Bloodlines
21:54 Horse Collar
23:44 Husbandry
23:51 Scale Barding Armor
23:56 Forging
28:30 Chain Barding Armor
28:24 Town Watch
29:59 Wheelbarrow
31:54 Padded Archer Armor
31:45 Fletching
33:30 Leather Archer Armor
34:18 Bodkin Arrow
35:54 Iron Casting
37:13 Ballistics
38:51 Hand Cart
39:00 Gold Mining
39:02 Stone Mining
42:58 Imperial Age
41:08 Treadmill Crane
41:39 Masonry
43:34 Kasbah
44:28 Conscription
44:49 Hoardings
43:45 Cavalier
44:59 Ring Archer Armor
46:31 Chemistry
47:40 Bracer
47:26 Elite Genitour
50:29 Blast Furnace
52:32 Plate Barding Armor
52:18 Maghrebi Camels
sidhant1608
11:31 Feudal Age
20:12 Castle Age
19:29 Double-Bit Axe
20:10 Gold Mining
21:47 Bow Saw
21:36 Stone Mining
27:26 Horse Collar
29:06 Husbandry
Connection lost

Rejoining the realm…

Still unreachable

The connection could not be restored.

Session expired

The server has moved on; the page needs a fresh start.